 Dungeon Crawl Stone Soup version 0.22.1-1-ga44c0e5 (webtiles) character file.

40 Irenicus the Sneak (level 3, -3/32 HPs)
             Began as a Deep Dwarf Assassin on Sept 29, 2018.
             Killed from afar by Sigmund (5 damage)
             ... with a magic dart
             ... on level 2 of the Dungeon.
             The game lasted 00:05:15 (610 turns).

Irenicus the Sneak (Deep Dwarf Assassin)             Turns: 610, Time: 00:05:16

Health: -3/32      AC:  4    Str: 14    XL:     3   Next: 30%
Magic:  3/3        EV: 12    Int: 11    God:
Gold:   67         SH:  0    Dex: 15    Spells: 2/2 levels left

rFire    . . .     SeeInvis .   h - +0 hunting sling (flame)
rCold    . . .     Gourm    .   (no shield)
rNeg     . . .     Faith    .   c - +0 robe
rPois    .         Spirit   .   (no helmet)
rElec    .         Reflect  .   d - +0 cloak
rCorr    .         Harm     .   l - +0 pair of gloves
MR       .....                  (no boots)
Stlth    +++.......             (no amulet)
HPRegen  0.00/turn              (no ring)
MPRegen  0.08/turn              (no ring)

@: non-regenerating
A: damage resistance, heal wounds, sense surroundings 1, no regeneration
a: Heal Wounds


You were on level 2 of the Dungeon.
You were not hungry.

You visited 1 branch of the dungeon, and saw 2 of its levels.

You collected 67 gold pieces.

Inventory:

Hand Weapons
 b - a +0 blowgun
 h - a +0 hunting sling of flaming (weapon)
 o - a +2 dagger of venom
Missiles
 e - 8 poisoned needles
 f - 2 curare-tipped needles
 j - 6 steel javelins
 k - 25 stones (quivered)
 m - 2 throwing nets
Armour
 c - a +0 robe (worn)
 d - a +0 cloak (worn)
 l - a +0 pair of gloves (worn)
Scrolls
 i - a scroll of noise
 n - a scroll of identify {unknown}
 p - a scroll of fog {unknown}
Potions
 a - a potion of mutation {unknown}
Comestibles
 g - a ration


   Skills:
 - Level 2.0 Fighting
 - Level 2.1 Short Blades
 + Level 1.0(2.2) Slings
 - Level 2.6(2.7) Throwing
 - Level 1.1 Dodging
 - Level 5.1 Stealth


You had 2 spell levels left.
You didn't know any spells.
Your spell library was empty.

Dungeon Overview and Level Annotations

Branches:
Dungeon (2/15)

Altars:

Annotations:
D:2 Sigmund


Innate Abilities, Weirdness & Mutations

You are resistant to damage.
You can heal yourself by infusing magical energy.
You passively map a small area around you.
You do not regenerate.


Message History

Firing (i - inventory. (/) - cycle)
k - 28 stones (quivered)
Press: ? - help, Shift-Dir - straight line You shoot a stone.
Something hits you!
Firing (i - inventory. (/) - cycle)
k - 27 stones (quivered)
Press: ? - help, Shift-Dir - straight line You shoot a stone.
Firing (i - inventory. (/) - cycle)
k - 26 stones (quivered)
Press: ? - help, Shift-Dir - straight line You shoot a stone.
Something hits you! Something barely misses you. Something hits you!
* * * LOW HITPOINT WARNING * * *
Found a robe.
Things that are here:
a stone; a dagger; a goblin corpse
Found a ration.
You fail to use your ability.
A magic dart appears from out of thin air!
The magic dart hits you!
You die...

, , *, *** *,.,,, ,
##########.##
##..........[% ,
##(...(@..####.*
#.....(.....(((#
#............((#
#(...$.........# ,
#..............# ,
#....†(....(...# ,
##............##*...
, ,
##(..(.........,...
######(####.# ..#


There were no monsters in sight!

Vanquished Creatures
  An ooze (D:1)
  A worm (D:2)
  A dart slug (D:1)
  A leopard gecko (D:1)
  6 bats
  2 giant cockroaches
  3 goblins
  4 hobgoblins (D:1)
  4 jackals (D:1)
  2 kobolds (D:1)
  A frilled lizard (D:1)
  A rat (D:1)
27 creatures vanquished.

Notes
Turn   | Place    | Note
-------+----------+-------------------------------------------
     0 | D:1      | Irenicus the Deep Dwarf Assassin began the quest for the
                  | Orb.
     0 | D:1      | Reached XP level 1. HP: 19/19 MP: 1/1
    62 | D:1      | Reached skill level 5 in Stealth
   103 | D:1      | Reached XP level 2. HP: 19/26 MP: 2/2
   370 | D:1      | Reached XP level 3. HP: 17/32 MP: 3/3
   584 | D:2      | Noticed Sigmund
   599 | D:2      | Reached skill level 1 in Slings
   610 | D:2      | Killed from afar by Sigmund

Skill      XL: |  1  2  3 |
---------------+----------+-----
Fighting       | 2 |  2.0
Stealth        | 5 |  5.1
Short Blades   | 2 |  2.1
Throwing       | 2 |  2.6
Slings         | 1 |  1.0
Dodging        | |  1.1

Action                   || total
-------------------------++-------
Melee: Dagger            ||    44
 Fire: Hunting sling     ||    26
Throw: Throwing net      ||     3
       Javelin           ||    22
 Abil: Heal Wounds       ||     2
  Use: Scroll            ||     1
 Stab: Sleeping          ||     3
       Distracted        ||     1
Armor: Robe              ||    21
Dodge: Dodged            ||    34
